 Dungeon Crawl Stone Soup version 0.21-a0-504-g2eda330 (webtiles) character file.

4462 tof the Carver (level 10, -3/77 HPs)
             Began as a Demonspawn Berserker on Nov 26, 2017.
             Was a Priest of Trog.
             Slain by a troll (9 damage)
             ... on level 9 of the Dungeon.
             The game lasted 00:13:55 (7929 turns).

tof the Carver (Demonspawn Berserker)               Turns: 7929, Time: 00:13:56

Health: -3/77      AC: 13    Str: 23    XL:     10   Next: 15%
Magic:  0/1        EV: 15    Int: 12    God:    Trog [***...]
Gold:   245        SH:  7    Dex: 16    Spells: 9/9 levels left

rFire    + . .     SeeInvis .   d - +1 dagger of Peril {speed, +Fly MP-9 Str+6 Int+3}
rCold    . . .     Gourm    .   q - +2 buckler
rNeg     . . .     Faith    .   C - +0 swamp dragon scales
rPois    +         Spirit   +   (no helmet)
rElec    .         Reflect  .   f - +0 cloak
rCorr    .         Harm     .   (no gloves)
MR       .....                  (no boots)
Stlth    ++........             (no amulet)
HPRegen  0.00/turn              (no ring)
MPRegen  0.07/turn              b - ring of stealth

@: berserk cooldown, slowed, very slow
A: hooves 2, molten scales 2, demonic guardian 1, fire resistance 1, inhibited
regeneration, magic shield
a: Berserk, Trog's Hand, Burn Spellbooks, Renounce Religion, Evoke Flight


You were on level 9 of the Dungeon.
You worshipped Trog.
Trog was most pleased with you.
You were very hungry.

You visited 1 branch of the dungeon, and saw 9 of its levels.

You collected 245 gold pieces.

Inventory:

Hand Weapons
 d - the +1 dagger of Peril (weapon) {speed, +Fly MP-9 Str+6 Int+3}
   (You found it on level 6 of the Dungeon)

   Attacks with this weapon are significantly faster.
   It affects your strength (+6).
   It affects your intelligence (+3).
   It affects your magic capacity (-9).
   It lets you fly.
 t - a +0 long sword
Missiles
 y - 2 throwing nets (quivered)
Armour
 f - a +0 cloak (worn)
 q - a +2 buckler (worn)
 C - +0 swamp dragon scales (worn)
Jewellery
 b - a ring of stealth (right hand)
Wands
 a - a wand of clouds (4)
 j - a wand of iceblast (8)
 r - a wand of paralysis (10)
 x - a wand of digging (13)
Scrolls
 e - 5 scrolls of remove curse
 g - 2 scrolls of magic mapping
 i - 6 scrolls of teleportation
 m - 2 scrolls of enchant weapon
 v - a scroll of blinking {unknown}
 A - 2 scrolls of amnesia {unknown}
Potions
 h - 5 potions of curing
 k - a potion of lignification
 n - 4 potions of agility {unknown}
 o - a potion of berserk rage {unknown}
 p - a potion of might
 u - a potion of flight {unknown}
 w - a potion of mutation {unknown}
Comestibles
 c - 3 bread rations
 l - a meat ration
 s - 2 royal jellies
 B - 3 chunks of flesh
 D - 2 fruits


   Skills:
 + Level 6.8 Fighting
 * Level 8.4 Long Blades
 + Level 5.8 Armour
 + Level 5.8 Dodging
 + Level 5.2 Shields


You had 9 spell levels left.
You didn't know any spells.

Dungeon Overview and Level Annotations

Branches:
Dungeon (9/15)             Temple (0/1) D:7
   Lair: D:8-11         Orc: D:9-12

Altars:
Elyvilon
Kikubaaqudgha
Nemelex Xobeh
Okawaru
Ru
Sif Muna
Uskayaw
Xom
The Shining One

Shops:
D:4 =   D:5 [

Annotations:
D:7 2 transporters
D:9 1 runed door


Innate Abilities, Weirdness & Mutations

You have hoof-like feet.
You are mostly covered in molten scales. (AC +3)
A weak demonic guardian rushes to your aid.
When hurt, damage is shared between your health and your magic reserves.
Your flesh is heat resistant. (rF+)
You do not regenerate when monsters are visible.


Message History

Your white imp hits the troll but does no damage.
The troll misses your white imp. The troll barely misses your white imp.
The troll claws your white imp!
Your white imp dies!
Things that are here:
a +0 troll leather armour; an arrow; a troll corpse The troll bites you!
* * * LOW HITPOINT WARNING * * *
The troll closely misses you. The troll claws you!
* * * LOW HITPOINT WARNING * * *
You hit the troll but do no damage. Your kick misses the troll.
The troll is severely wounded.
You block the troll's attack. The troll completely misses you.
The troll closely misses you.
You hit the troll. You kick the troll!
The troll is almost dead.
The troll closely misses you. The troll claws you.
* * * LOW HITPOINT WARNING * * *
The troll claws you!
You die...

.....### # #...### #
# #.....### J# .##
#..##...###..# #.#
#..##.#...###..#.#
#..##W##....###T.#
#..##.##..#...###. #
#T)##T##..# #...5.
#.
#@.##.##..###.####
#..###[............#
#....([.....#......#
#..)....#...#.5##..#
#..##...#...#..##..#
#.. #...#...#..##%.#
#. #[..#...#5.##..#
#. #...#...#..##..#
# #...#...#..##5.#


You could see a troll.

Vanquished Creatures
  A centaur warrior (D:9)
  The ghost of Enish the Digger, a novice OpEE (D:7)
  The ghost of kae the Ruffian, a novice TrMo (D:5)
  2 trolls (D:9)
  A slime creature (D:9)
  2 hippogriffs
  Sigmund (D:5)
  Menkaure (D:7)
  A hungry ghost (D:9)
  Edmund (D:5)
  2 ice beasts (D:6)
  2 sky beasts
  2 ogres
  2 centaurs
  A bullfrog (D:8)
  A wyvern zombie (D:6)
  8 killer bees
  A crimson imp (D:6)
  A bullfrog zombie (D:8)
  2 hounds
  A bullfrog skeleton (D:5)
  Terence (D:3)
  2 worker ants (D:4)
  4 iguanas
  A killer bee zombie (D:6)
  A hound zombie (D:6)
  A hound skeleton (D:6)
  A howler monkey zombie (D:8)
  A worker ant zombie (D:5)
  6 adders
  A howler monkey skeleton (D:4)
  An adder zombie (D:8)
  An adder skeleton (D:9)
  5 worms
  2 dart slugs
  4 leopard geckos
  4 orcs
  7 bats
  2 giant cockroaches
  4 goblins
  3 hobgoblins
  5 jackals (D:3)
  5 quokkas
  A ball python (D:4)
  3 frilled lizards
  A jackal skeleton (D:5)
  7 kobolds
  A quokka skeleton (D:4)
  A quokka zombie (D:6)
  A rat (D:1)
112 creatures vanquished.

Vanquished Creatures (collateral kills)
  A howler monkey (D:4)
  A jelly (D:9)
  A bullfrog skeleton (D:6)
  A frilled lizard (D:4)
4 creatures vanquished.

Grand Total: 116 creatures vanquished

Notes
Turn   | Place    | Note
-------+----------+-------------------------------------------
     0 | D:1      | tof the Demonspawn Berserker began the quest for the Orb.
     0 | D:1      | Reached XP level 1. HP: 18/18 MP: 1/1
   604 | D:1      | Gained mutation: When hurt, damage is shared between your health and your magic reserves. [demonic ancestry]
   604 | D:1      | Reached XP level 2. HP: 24/24 MP: 2/2
   633 | D:1      | Reached skill level 3 in Long Blades
  1541 | D:2      | Found a sparkling altar of Nemelex Xobeh.
  1621 | D:2      | Reached XP level 3. HP: 29/29 MP: 3/3
  1968 | D:2      | You fall through a shaft!
  3155 | D:3      | Noticed Terence
  3162 | D:3      | Killed Terence
  3162 | D:3      | Reached XP level 4. HP: 35/35 MP: 4/4
  3280 | D:4      | Gained mutation: A weak demonic guardian rushes to your aid. [demonic ancestry]
  3280 | D:4      | Reached XP level 5. HP: 9/41 MP: 0/5
  3604 | D:4      | Found Zuzamumn's Jewellery Boutique.
  3609 | D:4      | Reached skill level 1 in Shields
  3614 | D:4      | Found an iron altar of Okawaru.
  3705 | D:4      | Reached skill level 4 in Long Blades
  3853 | D:4      | Reached ** piety under Trog
  3987 | D:4      | Found an ancient bone altar of Kikubaaqudgha.
  3991 | D:4      | Found a deep blue altar of Sif Muna.
  3994 | D:4      | Found a glowing golden altar of the Shining One.
  4224 | D:4      | Gained mutation: You are partially covered in molten scales. (AC +2) [demonic ancestry]
  4224 | D:4      | Reached XP level 6. HP: 25/48 MP: 2/6
  4486 | D:4      | Found a sacrificial altar of Ru.
  4523 | D:5      | Entered Level 5 of the Dungeon
  4526 | D:5      | Found Noipnan's Antique Armour Boutique.
  4765 | D:5      | Found a white marble altar of Elyvilon.
  4782 | D:5      | Noticed kae's ghost (novice TrMo)
  4927 | D:5      | Killed kae's ghost
  4927 | D:5      | Reached skill level 5 in Long Blades
  4927 | D:5      | Gained mutation: You have large cloven feet. [demonic ancestry]
  4927 | D:5      | Reached XP level 7. HP: 49/55 MP: 3/7
  4980 | D:5      | Noticed Edmund
  4994 | D:5      | Killed Edmund
  5142 | D:5      | Noticed Sigmund
  5153 | D:5      | Killed Sigmund
  5640 | D:6      | Reached XP level 8. HP: 28/61 MP: 3/8
  5649 | D:6      | HP: 2/91 [ice beast (13)]
  5959 | D:6      | Got a pitted dagger
  5960 | D:6      | Identified the +1 dagger of Peril {speed, +Fly MP-9 Str+6 Int+3} (You found it on level 6 of the Dungeon)
  6054 | D:6      | Reached skill level 5 in Fighting
  6059 | D:6      | Gained mutation: You do not regenerate when monsters are visible. [mutagenic meat]
  6060 | D:6      | Gained mutation: Your flesh is heat resistant. (rF+) [mutagenic meat]
  6061 | D:6      | Gained mutation: You are mostly covered in molten scales. (AC +3) [mutagenic meat]
  6101 | D:6      | Reached skill level 6 in Long Blades
  6498 | D:6      | Found an iron altar of Okawaru.
  6924 | D:7      | Found a hide-covered altar of Uskayaw.
  6924 | D:7      | Noticed Menkaure
  6936 | D:7      | Killed Menkaure
  6954 | D:7      | Found a transporter.
  6960 | D:7      | Found a transporter.
  6970 | D:7      | Noticed a centaur warrior
  6971 | D:7      | Noticed Enish's ghost (novice OpEE)
  6972 | D:7      | Noticed a hippogriff
  6979 | D:7      | Found a shimmering altar of Xom.
  6995 | D:7      | Killed Enish's ghost
  6998 | D:7      | Killed a hippogriff
  6998 | D:7      | Gained mutation: You have hoof-like feet. [demonic ancestry]
  6998 | D:7      | Reached XP level 9. HP: 69/69 MP: 0/9
  7078 | D:7      | Reached skill level 7 in Long Blades
  7177 | D:7      | Found a staircase to the Ecumenical Temple.
  7199 | D:7      | Reached *** piety under Trog
  7450 | D:8      | Reached skill level 5 in Armour
  7450 | D:8      | Reached skill level 5 in Dodging
  7736 | D:8      | You fall through a shaft!
  7804 | D:9      | Found a runed door.
  7808 | D:9      | Noticed a troll
  7808 | D:9      | Noticed an eight-headed hydra
  7809 | D:9      | Noticed a centaur warrior
  7834 | D:9      | Noticed a troll
  7887 | D:9      | Killed a centaur warrior
  7887 | D:9      | Reached skill level 8 in Long Blades
  7898 | D:9      | Noticed a troll
  7898 | D:9      | Reached skill level 5 in Shields
  7902 | D:9      | Killed a troll
  7902 | D:9      | Reached XP level 10. HP: 77/77 MP: 1/10
  7929 | D:9      | Slain by a troll

Vault maps used:
D:1:      mushboom_english_gardens
D:2:      grunt_decor_mini_mirrors, nemelex_altar_shiori
D:3:      uniq_terence
D:4:      lemuel_doored_altar, nicolae_ru_path_of_blood,
          grunt_temple_overflow_open, serial_shops, shop_statue
D:5:      old_standard_altar, serial_shops, shop, first_bread, st_stairs_13,
          uniq_edmund, uniq_sigmund
D:6:      lemuel_tele_altar
D:7:      gammafunk_temple_overflow_arena, minmay_temple_entry_junction,
          basic_altar, uniq_menkaure
D:8:      uniq_erica
D:9:      minmay_the_grid_triangle_9x9_recursive_2_mashed,
          grunt_temple_overflow_diamond

Skill      XL: |  1  2  3  4  5  6  7  8  9 |
---------------+----------------------------+-----
Long Blades    | 3 4 5 6 8 |  8.4
Armour         | 2 3 4 5 |  5.8
Dodging        | 2 3 4 5 |  5.8
Shields        | 1 2 4 5 |  5.2
Fighting       | 4 5 6 |  6.8

Action                   |  1- 3 |  4- 6 |  7- 9 | 10-12 || total
-------------------------+-------+-------+-------+-------++-------
Melee: Falchion          |   128 |    46 |       |       ||   174
       Long sword        |       |    69 |    43 |       ||   112
       Kick              |       |       |   131 |     8 ||   139
       Dagger            |       |       |   281 |    22 ||   303
Invok: Berserk           |     2 |     1 |     4 |       ||     7
       Trog's Hand       |       |       |     3 |       ||     3
       Burn Spellbooks   |       |       |     1 |       ||     1
  Use: Potion            |       |     1 |       |     1 ||     2
       Scroll            |       |       |    10 |       ||    10
 Stab: Sleeping          |       |     2 |     3 |       ||     5
  Eat: Bread ration      |     1 |       |       |       ||     1
       Chunk             |     4 |     6 |    17 |       ||    27
Armor: Animal skin       |    19 |       |       |       ||    19
       Skin              |     7 |     7 |     1 |       ||    15
       Leather armour    |       |       |     7 |       ||     7
       Swamp dragon scal |       |       |    61 |    10 ||    71
Dodge: Dodged            |   102 |    60 |   135 |    15 ||   312
Block: Buckler           |     7 |    32 |    73 |    13 ||   125
       Rpst.: Falchion   |    30 |     7 |       |       ||    37
       Long sword        |       |     7 |     9 |       ||    16

Table legend:
 A = Spawn XP
 B = Non-spawn XP
 C = Spawn XP percentage of total XP
 D = Spawn monster count
 E = Non-spawn monster count
 F = Spawn count percentage of total count
 G = Total turns spent on level
                    A         B        C        D         E        F      G
               +---------+---------+-------+---------+---------+-------+---------
         Total |       0 |    6375 |   0.0 |       0 |     116 |   0.0 |  7929
               +---------+---------+-------+---------+---------+-------+---------
           D:1 |       0 |      27 |   0.0 |       0 |      15 |   0.0 |  1477
           D:2 |       0 |      19 |   0.0 |       0 |       7 |   0.0 |   491
           D:3 |       0 |      82 |   0.0 |       0 |      20 |   0.0 |  1285
           D:4 |       0 |     271 |   0.0 |       0 |      16 |   0.0 |  1270
           D:5 |       0 |    1023 |   0.0 |       0 |      10 |   0.0 |  1054
           D:6 |       0 |     659 |   0.0 |       0 |      15 |   0.0 |  1340
           D:7 |       0 |    1241 |   0.0 |       0 |      11 |   0.0 |   509
           D:8 |       0 |     762 |   0.0 |       0 |      13 |   0.0 |   310
           D:9 |       0 |    2291 |   0.0 |       0 |       9 |   0.0 |   193
               +---------+---------+-------+---------+---------+-------+---------
